[Event "Late-Titled-Tuesday-Blitz-March-26-2024"]
[Site "Chess.com"]
[Date "2024.03.26"]
[Round "10"]
[White "BardArtem"]
[Black "maximnovik"]
[Result "1-0"]
[WhiteElo "2823"]
[BlackElo "2589"]
[TimeControl "180+1"]
[EndTime "15:54:29 PDT"]
[Termination "BardArtem won on time"]

1. e4 c6 2. Nf3 d5 3. exd5 cxd5 4.
Ne5 Nf6 5. d4 g6 6. c3 Bg7 7.
Nd2 O-O 8. Ndf3 Nc6 9. Be2 Ne4 10. O-O f6 11. Nxc6 bxc6 12. Bf4 Re8 13. Re1 e5 14. Be3 Rb8 15. Qc1 a5 16. c4 Be6 17. Rd1 Qe7 18. Qc2 Qb4 19. Rab1 Bf5 20. Bd3 Bg4 21. a3 Qb7 22. b4 axb4 23. Rxb4 Qa8 24. Rxb8 Qxb8 25. Bxe4 dxe4 26. Qxe4 f5 27. Qxc6 e4 28. Ng5 h6 29.
Bf4 Qc8 30. Qd5+ Kh8 31. Nf7+ Kh7 32. Nd6 Qd8 33. Rb1 Rf8 34. Rb7 Qa8 35. Be5 Rg8 36.
Rxg7+ Rxg7 37. Qxa8 1-0

[Event "Late-Titled-Tuesday-Blitz-March-26-2024"]
[Site "Chess.com"]
[Date "2024.03.26"]
[Round "10"]
[White "ozates"]
[Black "Der_Balak_3Halak"]
[Result "1/2-1/2"]
[WhiteElo "2565"]
[BlackElo "2445"]
[TimeControl "180+1"]
[EndTime "15:54:32 PDT"]
[Termination "Game drawn by repetition"]

1. e4 e6 2. d4 d5 3. Nc3 dxe4 4.
Nxe4 Nd7 5. g3 Ngf6 6. Nxf6+ Nxf6 7. Bg2 c5 8. Nf3 Be7 9. O-O O-O 10. Qe2 cxd4 11.
Rd1 Qb6 12. Nxd4 Bc5 13. Be3 Rd8 14. b4 Bxd4 15. Rxd4 Rxd4 16. c3 e5 17. cxd4 exd4 18. Bg5 Bg4 19. Qe7 Re8 20. Qxb7 Qxb7 21. Bxb7 Ne4 22. Re1 Bf3 23. b5 d3 24. a4 Kf8 25. Bxe4 Rxe4 26. Rxe4 Bxe4 27. a5 Bf3 28. Kf1 Bd5 29. Ke1 Bc4 30. b6 axb6 31. axb6 Ba6 32. Kd2 Ke8 33. Be3 Kd7 34. h4 Kc6 35. g4 Kd5 36. f4 Ke4 37. f5 g6 38. fxg6 fxg6 39. h5 g5 40. Bxg5 Kf3 41. Be3 Kxg4 42. h6 Kf3 43.
Bg5 Ke4 44. Be3 Bc8 45. Bg5 Ba6 46. Be3 Kd5 47. Kc3 Kc6 48. Kd2 Kb5 49. Kxd3 Kc6+ 50. Ke4 Kb7 51. Ke5 Bd3 52. Kf6 Bb1 53. Bd4 Bg6 54. Kg7 Bb1 55. Kf6 Bg6 56. Kg7 Bb1 57.
Kf6 1/2-1/2

[Event "Late-Titled-Tuesday-Blitz-March-26-2024"]
[Site "Chess.com"]
[Date "2024.03.26"]
[Round "10"]
[White "Heliosis11"]
[Black "Korchmar_Vasiliy"]
[Result "0-1"]
[WhiteElo "2349"]
[BlackElo "2705"]
[TimeControl "180+1"]
[EndTime "15:54:33 PDT"]
[Termination "Korchmar_Vasiliy won on time"]

1. e4 c5 2. Nf3 a6 3. c3 d5 4. exd5 Nf6 5. d4 Nxd5 6. Be2 cxd4 7. cxd4 g6 8. Nc3 Bg7 9. O-O O-O 10. Qb3 Nxc3 11.
bxc3 Nc6 12. Ba3 b5 13. Rfd1 Qc7 14. Rac1 Rd8 15. Ng5 e6 16. Bf3 Bb7 17. Bc5 Na5 18. Qc2 Bxf3 19. Nxf3 Nc4 20. a4 bxa4 21. Ra1 Rab8 22.
Re1 a3 23. Qa4 Nb2 24. Qxa3 Nd3 25. Reb1 Nxc5 26. dxc5 Ra8 27. Qb4 Bf8 28. Qb6 Qxc5 29. Rxa6 Rxa6 30. Qxd8 Qxc3 31. h4 Ra1 32. Rxa1 Qxa1+ 33. Kh2 Qa7 34. Kg1 Kg7 35. Ng5 Bc5 36. Ne4 Bd4 37. Qd6 Qa1+ 0-1

[Event "Late-Titled-Tuesday-Blitz-March-26-2024"]
[Site "Chess.com"]
[Date "2024.03.26"]
[Round "10"]
[White "Mikhail_Golubev"]
[Black "subham777"]
[Result "0-1"]
[WhiteElo "2639"]
[BlackElo "2558"]
[TimeControl "180+1"]
[EndTime "15:54:33 PDT"]
[Termination "subham777 won on time"]

1. e4 e6 2. d4 d5 3. e5 c5 4. c3 Nc6 5. Nf3 Qb6 6. Bd3 cxd4 7.
O-O Bd7 8. Re1 Nge7 9. Nbd2 Ng6 10. Nb3 dxc3 11. bxc3 a5 12. Rb1 a4 13. Nbd4 Qd8 14.
Rxb7 Bc5 15. Rxd7 Qxd7 16. Bb5 Nge7 17. Bg5 Ra5 18. Bxa4 Rxa4 19. Qxa4 Nxd4 20. Qa8+ Qc8 21. Qxc8+ Nxc8 22. cxd4 Be7 23. Bxe7 Nxe7 24. Rb1 O-O 25. Rb7 Nf5 26. g4 Nh6 27. h3 Ra8 28. Kg2 f6 29. exf6 gxf6 30. g5 fxg5 31. Nxg5 Rxa2 32. Nxe6 Nf5 33.
Rd7 Re2 34. Nf4 Rd2 35. Rxd5 Nxd4 36. Nh5 Nb3 37. Rb5 Nd4 38. Rb7 h6 39. Nf6+ Kf8 40. Ng4 h5 41. Nf6 h4 42. Rd7 Nb3 43. Rb7 Nc5 44. Rh7 Nd3 45. Ng4 Nf4+ 46. Kh2 Ng6 0-1

[Event "Late-Titled-Tuesday-Blitz-March-26-2024"]
[Site "Chess.com"]
[Date "2024.03.26"]
[Round "10"]
[White "Chempiblinka"]
[Black "mightysmasher"]
[Result "0-1"]
[WhiteElo "2382"]
[BlackElo "2577"]
[TimeControl "180+1"]
[EndTime "15:54:33 PDT"]
[Termination "mightysmasher won on time"]

1. Nf3 d5 2. g3 Nf6 3. Bg2 e6 4. O-O Be7 5. c4 O-O 6. d4 c6 7. Nbd2 b6 8. Qc2 Bb7 9. e4 Na6 10. a3 Rc8 11. Qb1 Ba8 12. cxd5 cxd5 13. e5 Ne4 14.
Re1 g6 15. h4 h5 16. Nf1 Nc7 17. N3d2 Nb5 18. Qd3 Qd7 19. a4 Nc7 20. Nxe4 dxe4 21.
Bxe4 Nd5 22. Bxg6 Bb4 23. Bh7+ Kh8 24. Bd2 Bxd2 25. Nxd2 Nb4 26. Qb1 Qxd4 27. Ne4 Nd3 28. Re3 Rc1+ 29. Qxc1 Nxc1 30. Rxc1 Kxh7 31. Nf6+ Kg6 32.
Rce1 Rc8 33. g4 hxg4 34. h5+ Kh6 35. Rg3 Bf3 36. Rf1 Qxb2 37. Kh2 Rc1 38. Rxc1 Qxf2+ 0-1

[Event "Late-Titled-Tuesday-Blitz-March-26-2024"]
[Site "Chess.com"]
[Date "2024.03.26"]
[Round "10"]
[White "Hirna2005"]
[Black "emeli_chess"]
[Result "1-0"]
[WhiteElo "2325"]
[BlackElo "2403"]
[TimeControl "180+1"]
[EndTime "15:54:36 PDT"]
[Termination "Hirna2005 won on time"]

1. e4 c5 2. c3 d5 3. exd5 Qxd5 4. Nf3 Nf6 5. Na3 Bg4 6. Bc4 Qe4+ 7. Be2 Bxf3 8. gxf3 Qf5 9. Qb3 Qc8 10. d4 e6 11.
Bf4 Nc6 12. dxc5 Bxc5 13. O-O-O O-O 14. Rhg1 Nd4 15. cxd4 Bd6+ 16. Kb1 Bxf4 17. Nc4 Nd5 18. Ne5 Bxe5 19. dxe5 Qc7 20. f4 Nxf4 21. Bf3 Qxe5 22.
Rd7 Ng6 23. Rxb7 Rab8 24. Rd1 Rxb7 25. Bxb7 Qxh2 26. Be4 Qxf2 27. a3 Qf4 28. Bc2 Rb8 29. Qd3 h6 30. b4 Qe5 31. Ka2 a5 32. bxa5 Qxa5 33. Bb3 Qb6 34. a4 Ne5 35. Qc3 Qf2+ 36.
Rd2 Qf4 37. a5 Ra8 38. Rd4 Qf2+ 39. Ka3 g6 40. Rd6 Qg3 41. Qxg3 Rxa5+ 42. Kb4 Ra8 43. Qxe5 1-0

[Event "Late-Titled-Tuesday-Blitz-March-26-2024"]
[Site "Chess.com"]
[Date "2024.03.26"]
[Round "10"]
[White "Zavgorodniy_Sergiy"]
[Black "GMKrikor"]
[Result "0-1"]
[WhiteElo "2663"]
[BlackElo "2837"]
[TimeControl "180+1"]
[EndTime "15:54:38 PDT"]
[Termination "GMKrikor won on time"]

1. d4 Nf6 2. c4 g6 3. Nc3 d5 4. cxd5 Nxd5 5. e4 Nxc3 6. bxc3 Bg7 7. Nf3 c5 8. Be3 Qa5 9. Qd2 O-O 10. Rc1 Bg4 11. d5 b5 12. Bxc5 Rc8 13. Bb4 Qc7 14.
Nd4 a5 15. Ba3 b4 16. Bb2 Qb6 17. c4 Na6 18. Be2 Bd7 19. O-O Nc5 20. Qe3 a4 21. e5 a3 22. Ba1 Na4 23. Rfd1 e6 24. d6 Rab8 25. f4 f6 26. Bg4 fxe5 27. fxe5 Nb2 28. Re1 Nxc4 29. Qf2 Rf8 30. Qg3 Nb2 31. Qe3 Bh6 32. Qe4 Rf4 33. Qe3 Rxd4 34. Qxh6 Rxg4+ 35. Kh1 Qf2 36. Rg1 Rf8 0-1

[Event "Late-Titled-Tuesday-Blitz-March-26-2024"]
[Site "Chess.com"]
[Date "2024.03.26"]
[Round "10"]
[White "SahibSinghKnight"]
[Black "GodzillaChessYoutube"]
[Result "1-0"]
[WhiteElo "2592"]
[BlackElo "2684"]
[TimeControl "180+1"]
[EndTime "15:54:41 PDT"]
[Termination "SahibSinghKnight won by resignation"]

1. e4 Nh6 2. d4 d5 3. exd5 Qxd5 4. Nc3 Qd8 5. Bxh6 gxh6 6. Nf3 Bf5 7. Ne5 Qc8 8. Bc4 e6 9. Qf3 Bg6 10. Ne4 Be7 11. Nf6+ Kf8 12. Nxh7+ Kg7 13. Bd3 Nc6 14. Bxg6 Nxe5 15. dxe5 fxg6 16. Nf6 Rf8 17. O-O-O Bxf6 18. exf6+ Rxf6 19. Qc3 c5 20. Rd6 Qf8 21. Rxe6 Rd8 22.
Rhe1 Rd7 23. Re8 Qd6 24. a3 b6 25. R8e6 Qf4+ 26. Kb1 Rf7 27. Rxf6 Rxf6 28. f3 g5 29. Re6 Kf7 30. Rxf6+ Qxf6 31. Qxf6+ Kxf6 32. Kc1 Ke5 33. Kd2 Kd4 34. c3+ Kc4 35. Kc2 a5 36. b3+ Kd5 37. Kd3 a4 38. c4+ Ke5 39. bxa4 Kf4 40. Ke2 h5 41. g3+ Ke5 42. Ke3 Kf5 43. f4 g4 44. Kd3 Ke6 45. Ke4 Kf6 46. f5 Kg5 47. Ke5 h4 48. f6 1-0

[Event "Late-Titled-Tuesday-Blitz-March-26-2024"]
[Site "Chess.com"]
[Date "2024.03.26"]
[Round "10"]
[White "bilelou"]
[Black "Siemba"]
[Result "1-0"]
[WhiteElo "2712"]
[BlackElo "2478"]
[TimeControl "180+1"]
[EndTime "15:54:42 PDT"]
[Termination "bilelou won on time"]

1. e4 c5 2. Nf3 d6 3. d4 cxd4 4. Nxd4 Nf6 5. Nc3 a6 6. h4 Qc7 7. Be2 e6 8. g4 b5 9. a3 Bb7 10. Bf3 Nc6 11. g5 Nd7 12. Be3 Nce5 13. Be2 Nc4 14.
Bxc4 Qxc4 15. h5 d5 16. exd5 Bxd5 17. Rh4 Bb7 18. h6 gxh6 19. Nf5 Qc6 20. Nxh6 Bxh6 21. gxh6 O-O-O 22. Qd4 Rhg8 23. O-O-O e5 24. Qa7 Nf6 25. Rxd8+ Rxd8 26. a4 Nd5 27. axb5 Nxc3 28. bxc3 Qxc3 29. Qc5+ Qxc5 30. Bxc5 axb5 31. Rg4 Rd7 32. Rg5 f6 33.
Rg8+ Kc7 34. Rf8 Be4 35. Rxf6 Bg6 36. Re6 e4 37. Kb2 Rd5 38. Be3 Rh5 39. Kc3 Kd7 40.
Rb6 Kc7 41. Ra6 Kb7 42. Ra7+ Kc6 43. Kb4 Kd6 44. Ra6+ Kc7 45. Ra7+ Kc6 46. Rg7 1-0

[Event "Late-Titled-Tuesday-Blitz-March-26-2024"]
[Site "Chess.com"]
[Date "2024.03.26"]
[Round "10"]
[White "Tol_Tol"]
[Black "Aram7Adam"]
[Result "1/2-1/2"]
[WhiteElo "2304"]
[BlackElo "2414"]
[TimeControl "180+1"]
[EndTime "15:54:46 PDT"]
[Termination "Game drawn by stalemate"]

1. d4 c5 2. d5 d6 3. c4 e5 4. e4 f5 5. exf5 Bxf5 6. Nc3 Nf6 7.
Bg5 Be7 8. Bxf6 Bxf6 9. Bd3 Qd7 10. Nge2 Bxd3 11. Qxd3 Na6 12. O-O O-O 13. Ng3 g6 14. Nce4 Bg7 15. Qe2 Rf4 16. Ng5 Nc7 17. Rac1 h6 18.
N5e4 Raf8 19. f3 b5 20. cxb5 Nxb5 21. b4 cxb4 22. Qc4 h5 23. Ne2 Rh4 24. Qxb4 Bh6 25. Rc6 Be3+ 26. Kh1 a6 27. Nf6+ Rxf6 28. Qxh4 Kg7 29.
Ng3 Nd4 30. Rxa6 Rf4 31. Qg5 Rxf3 32. Nxh5+ Kh7 33. Nf6+ Kg7 34. Rxf3 Bxg5 35. Nxd7 Nxf3 36. gxf3 Kh6 37. Rxd6 Be3 38. Nxe5 Bf4 39. Re6 Kh5 40.
d6 Kh4 41. d7 Kh3 42. d8=Q Bxe5 43. Rxe5 g5 44. Qxg5 1/2-1/2

[Event "Late-Titled-Tuesday-Blitz-March-26-2024"]
[Site "Chess.com"]
[Date "2024.03.26"]
[Round "10"]
[White "Xavier_mompel"]
[Black "Heydarli77"]
[Result "1-0"]
[WhiteElo "2360"]
[BlackElo "2452"]
[TimeControl "180+1"]
[EndTime "15:54:47 PDT"]
[Termination "Xavier_mompel won by checkmate"]

1. e4 c5 2. Nf3 e6 3. d4 cxd4 4. Nxd4 a6 5. Nc3 b5 6. Bd3 Bb7 7. O-O Nf6 8. Re1 Bd6 9. e5 Bc5 10. Nb3 Be7 11. exf6 gxf6 12. Be3 Nc6 13. Nc5 Bc8 14.
a3 d6 15. Nb3 Bd7 16. Be2 Qc7 17. Bf3 Rc8 18. Bf4 Ne5 19. Bxe5 fxe5 20. Qe2 Qb6 21. Rad1 Rc4 22. Qe3 Qc7 23. Nd2 Rf4 24. g3 Rf6 25. Nde4 Rg6 26. Bh5 Rg7 27. Qf3 Kf8 28. Qe2 f5 29. Nd2 Qb6 30. Nb3 Rg5 31. Bf3 Kg7 32.
Qe3 Qc7 33. Kh1 h5 34. h4 Rg6 35. Qe2 e4 36. Bg2 Kh6 37. Qd2+ Kh7 38. Nxe4 fxe4 39. Bxe4 Bc6 40. Qe2 Qb7 41. Qxh5+ Kg7 42. Qxg6+ Kf8 43.
Bxc6 Qxc6+ 44. Qe4 Qb6 45. Qxe6 Rh7 46. Qc8+ Kf7 47.
Qf5+ Kg8 48. Qg6+ Rg7 49. Qe8+ Bf8 50. Qe6+ Kh8 51. Rd4 Qc6+ 52. Qd5 Qxc2 53. Rf4 Be7 54. Qh5+ Kg8 55. Qe8+ Kh7 56. Rxe7 Qd1+ 57. Kh2 Qxb3 58. Qh5+ Kg8 59. Re8# 1-0

[Event "Late-Titled-Tuesday-Blitz-March-26-2024"]
[Site "Chess.com"]
[Date "2024.03.26"]
[Round "10"]
[White "frequentblunders"]
[Black "egnfanclub"]
[Result "0-1"]
[WhiteElo "2204"]
[BlackElo "2371"]
[TimeControl "180+1"]
[EndTime "15:54:47 PDT"]
[Termination "egnfanclub won by checkmate"]

1. e3 e5 2. c4 c5 3. Nc3 Nc6 4. Nf3 Nf6 5. d4 exd4 6. exd4 d5 7. cxd5 Nxd5 8. Bc4 Nxc3 9. bxc3 Be7 10. O-O O-O 11.
h3 cxd4 12. cxd4 Bf6 13. Be3 Na5 14. Bd3 Be6 15. Qa4 Bd5 16. Ne5 Nc6 17. Rad1 Qc7 18. f4 Rfd8 19. Rf2 Qa5 20. Qxa5 Nxa5 21. Rb2 b6 22.
Kf2 Rac8 23. Rc1 Be7 24. Rbc2 Bb7 25. Rxc8 Rxc8 26. Rxc8+ Bxc8 27. d5 Bb7 28. Be4 Bd6 29.
Bd4 f5 30. Bf3 g6 31. Ke3 Kf8 32. g4 fxg4 33. hxg4 Ke7 34. g5 Ba6 35. Bg4 Nc4+ 36.
Nxc4 Bxc4 37. Ke4 Bxa2 38. Be6 Bc5 39. Bg8 Bb1+ 40. Ke5 Bd6# 0-1

[Event "Late-Titled-Tuesday-Blitz-March-26-2024"]
[Site "Chess.com"]
[Date "2024.03.26"]
[Round "10"]
[White "ChessQueen"]
[Black "YegoryoCh"]
[Result "1-0"]
[WhiteElo "2693"]
[BlackElo "2566"]
[TimeControl "180+1"]
[EndTime "15:54:50 PDT"]
[Termination "ChessQueen won by resignation"]

1. e4 e5 2. Nf3 Nc6 3. Bb5 a6 4.
Ba4 d6 5. O-O Bd7 6. c4 g5 7. d4 g4 8. Bxc6 bxc6 9. Ne1 Bg7 10. dxe5 Bxe5 11. Nd3 Bg7 12. e5 dxe5 13. Qe2 Qe7 14.
Re1 O-O-O 15. Nc3 Re8 16. Be3 f5 17. Bc5 Qf7 18. Nb4 a5 19. Nbd5 cxd5 20. cxd5 Kb7 21. a4 e4 22. Ra3 Ra8 23. Rb3+ Kc8 24. Rd1 Ne7 25. Qc4 Be5 26. Nb5 Nxd5 27. Na7+ Rxa7 28. Bxa7 c6 29. Qa6+ Kd8 30. Bc5 Qe6 31. Qxa5+ Ke8 32.
Qa8+ Kf7 33. Qa7 Rc8 34. Rb7 Rc7 35. Rxc7 Bxc7 36. g3 f4 37. a5 fxg3 38. hxg3 e3 39. Bxe3 Nxe3 40. Qxe3 Qxe3 41. fxe3 Ke6 42. a6 Bb6 43.
Kf2 c5 44. Rh1 Kd5 45. Rxh7 Bc6 46. a7 Ba8 47. Rh8 Bc6 48. a8=Q 1-0

[Event "Late-Titled-Tuesday-Blitz-March-26-2024"]
[Site "Chess.com"]
[Date "2024.03.26"]
[Round "10"]
[White "Eloist"]
[Black "MariusBieliauskas"]
[Result "1-0"]
[WhiteElo "2482"]
[BlackElo "2344"]
[TimeControl "180+1"]
[EndTime "15:54:50 PDT"]
[Termination "Eloist won by checkmate"]

1. e4 c5 2. Nf3 e6 3. d4 cxd4 4. Nxd4 Nc6 5. Nc3 Qc7 6. Be3 a6 7. Bd3 Nf6 8. O-O Nxd4 9. Bxd4 Bc5 10. Be2 Bxd4 11. Qxd4 e5 12. Qb4 d6 13. Rad1 O-O 14. Qxd6 Qxd6 15. Rxd6 Be6 16. Rfd1 Rfc8 17. f4 exf4 18.
e5 Ne8 19. R6d4 Rc5 20. Bf3 Kf8 21. Rb4 Rxe5 22. Rxb7 Rc8 23. Ra7 a5 24. Kf2 g5 25.
h3 Nf6 26. Rd4 h5 27. Ra4 g4 28. hxg4 hxg4 29. Rxf4 Nh5 30. Re4 Rxe4 31. Bxe4 f5 32.
Bd3 Nf4 33. Rxa5 Nxd3+ 34. cxd3 Ke7 35. d4 Kf6 36. Ra6 Ke7 37. Ke3 Rf8 38. Kf4 Rd8 39. Ke5 Bc8 40. Ra7+ Ke8 41. Nd5 Bd7 42. Nf6+ Ke7 43. d5 g3 44. d6+ Kf8 45. Nxd7+ Kg8 46. Nf6+ Kf8 47. Ke6 f4 48. Rf7# 1-0

[Event "Late-Titled-Tuesday-Blitz-March-26-2024"]
[Site "Chess.com"]
[Date "2024.03.26"]
[Round "10"]
[White "Boninknights"]
[Black "VD_coach"]
[Result "0-1"]
[WhiteElo "2389"]
[BlackElo "2508"]
[TimeControl "180+1"]
[EndTime "15:54:51 PDT"]
[Termination "VD_coach won by resignation"]

1. b3 Nf6 2. Bb2 g6 3. Bxf6 exf6 4. c4 Bg7 5. Nc3 O-O 6. g3 d6 7. Bg2 f5 8. Rc1 Nc6 9. e3 Re8 10. Nge2 h5 11. O-O h4 12. d4 hxg3 13. hxg3 Bd7 14.
Nd5 Rb8 15. b4 Ne7 16. Nxe7+ Qxe7 17. Nf4 c6 18. a4 Bh6 19. b5 Qf6 20. Rb1 Kg7 21.
Qd2 Kg8 22. Qa5 Bxf4 23. gxf4 g5 24. fxg5 Qxg5 25. Qc7 Rbd8 26. Qxd6 cxb5 27. axb5 Bxb5 28. Qh2 Bxc4 29. Rfc1 Bd5 30. Rc5 Qxg2+ 31. Qxg2+ Bxg2 32. Kxg2 f4 33. Rxb7 fxe3 34. Rcc7 e2 35. Rxf7 Re6 36.
Rg7+ Kf8 37. d5 e1=Q 38. dxe6 Qe4+ 39. Kg3 Qe5+ 40. Kg4 Qxe6+ 41. Kg5 Qe5+ 42. Kg6 Rd6+ 0-1

[Event "Late-Titled-Tuesday-Blitz-March-26-2024"]
[Site "Chess.com"]
[Date "2024.03.26"]
[Round "10"]
[White "GlavkonVVS"]
[Black "DishonorOnYourCow"]
[Result "1-0"]
[WhiteElo "2656"]
[BlackElo "2542"]
[TimeControl "180+1"]
[EndTime "15:54:53 PDT"]
[Termination "GlavkonVVS won on time"]

1. c4 e5 2. Nc3 Nc6 3. g3 Nf6 4. Bg2 Bc5 5. e3 d6 6. Nge2 a6 7. d4 exd4 8. exd4 Ba7 9. O-O O-O 10. h3 h6 11. g4 Ne7 12. Nf4 Ng6 13. Qd3 Nxf4 14.
Bxf4 Rb8 15. Rad1 b5 16. cxb5 axb5 17. Rfe1 b4 18. Nd5 Nxd5 19. Bxd5 Bb7 20. Bb3 Qd7 21.
Bxh6 gxh6 22. Qg6+ Kh8 23. Qxh6+ Kg8 24. Qg6+ Kh8 25.
Qf6+ Kg8 26. Re7 Qxe7 27. Qxe7 Rbe8 28. Qxc7 Bf3 29. Rd3 Re1+ 30. Kh2 Bb8 31. Qxb8 Rxb8 32. Rxf3 Rb7 33. g5 Kg7 34. h4 Re2 35. h5 Rxb2 36.
Kg3 Rd2 37. Rf4 Rd3+ 38. Kg4 Rc7 39. h6+ Kg8 40. g6 Rxb3 41. axb3 fxg6 42. Rf6 Rc3 43. Rxg6+ Kh7 44. Rxd6 Rxb3 45. Rb6 Rb2 46. f4 b3 47. Kf5 Rd2 48. Ke4 b2 49. Ke3 Rh2 50. d5 Kg8 51. Ke4 Kf7 52. Ke5 1-0

[Event "Late-Titled-Tuesday-Blitz-March-26-2024"]
[Site "Chess.com"]
[Date "2024.03.26"]
[Round "10"]
[White "hansen"]
[Black "Firouzja2003"]
[Result "0-1"]
[WhiteElo "2983"]
[BlackElo "3128"]
[TimeControl "180+1"]
[EndTime "15:54:54 PDT"]
[Termination "Firouzja2003 won by checkmate"]

1. e4 c5 2. Nf3 d6 3. c3 Nf6 4.
Be2 Bd7 5. d3 Nc6 6. O-O g6 7. Re1 Bg7 8. Bf1 O-O 9. h3 Rc8 10. d4 cxd4 11. cxd4 d5 12. e5 Ne4 13. Nbd2 Bf5 14. a3 Qb6 15. Qa4 Nxd2 16. Bxd2 Be4 17.
Bc3 Bxf3 18. gxf3 e6 19. Kg2 Bh6 20. Qb5 Qd8 21. Qd3 Qg5+ 22. Kh1 Qh4 23. Kg1 Ne7 24. f4 Qxf4 25. Rad1 Nf5 26. Bg2 Qh4 27. Qf3 Bg5 28. Bf1 Qf4 29. Qxf4 Bxf4 30. Bd3 Nh4 31. Kf1 Rc6 32. Re2 Rfc8 33. Bb5 R6c7 34. Rd3 g5 35. Ke1 Kg7 36. Kd1 Nf5 37. Ba4 a6 38. Bb3 b5 39.
Rc2 Rc6 40. Rf3 h5 41. Rd3 g4 42. hxg4 hxg4 43. Bb4 Rxc2 44. Bxc2 Rh8 45. Bc3 Rh2 46. Ke1 g3 47. fxg3 Bxg3+ 48. Kd1 Bf4 49. Bb3 Ne3+ 50. Ke1 Bg3# 0-1

[Event "Late-Titled-Tuesday-Blitz-March-26-2024"]
[Site "Chess.com"]
[Date "2024.03.26"]
[Round "10"]
[White "steepedgames"]
[Black "ploxoi"]
[Result "0-1"]
[WhiteElo "2516"]
[BlackElo "2437"]
[TimeControl "180+1"]
[EndTime "15:54:57 PDT"]
[Termination "ploxoi won by resignation"]

1. d4 d5 2. Bg5 Nf6 3. Bxf6 exf6 4. c4 c6 5. Nc3 Bb4 6. e3 O-O 7. Qb3 a5 8. a3 Bd6 9. cxd5 cxd5 10. Qxd5 Nc6 11.
Nf3 Be6 12. Qh5 g6 13. Qh6 Re8 14. h4 Bf8 15. Qf4 Bd6 16. Qe4 Bf5 17. Qd5 Ne7 18.
Qb5 Qc7 19. h5 Bd7 20. Qc4 Qb6 21. hxg6 hxg6 22. Nb5 Rec8 23. Qb3 Be6 24. Qd3 Bc4 25. Qxc4 Rxc4 26. Bxc4 a4 27. Nd2 Rc8 28. Bd3 Bb8 29. Ke2 Qe6 30. Rac1 Rxc1 31. Rxc1 Kg7 32. Ne4 Qg4+ 33.
Kf1 Qh5 34. Ke1 Qh1+ 35. Bf1 Qh4 36. Ned6 Nd5 37. Ke2 Qg4+ 38. f3 Qg5 39. f4 Qg4+ 40. Kd3 Qg3 41. Nc4 g5 42. fxg5 fxg5 43. Be2 Nf4+ 44. Kd2 Nxe2 45. Kxe2 Qxg2+ 46. Kd3 Qf2 47. Rc2 Qf5+ 48. Kc3 Qxb5 49. Rg2 Qb3+ 50. Kd2 f6 51. Na5 Qxb2+ 52. Kd3 Qxg2 53. Nxb7 Qf1+ 54. Ke4 g4 55. Nc5 g3 56. Ne6+ Kf7 0-1

[Event "Late-Titled-Tuesday-Blitz-March-26-2024"]
[Site "Chess.com"]
[Date "2024.03.26"]
[Round "10"]
[White "titomagno_64"]
[Black "ural58"]
[Result "0-1"]
[WhiteElo "2294"]
[BlackElo "2453"]
[TimeControl "180+1"]
[EndTime "15:54:59 PDT"]
[Termination "ural58 won on time"]

1. d4 d5 2. c4 e5 3. dxe5 d4 4. Nf3 Nc6 5. a3 g6 6. Qa4 Qd7 7. b4 Bg7 8. Bb2 Nxe5 9. Qxd7+ Bxd7 10. Nxe5 Bxe5 11. e3 O-O-O 12. exd4 Bf6 13. Be2 Bf5 14.
O-O Bxd4 15. Bxd4 Rxd4 16. Nc3 Nf6 17. Nb5 Rd2 18. Bf3 a6 19. Nc3 Rhd8 20. Nd5 Nxd5 21.
Bxd5 Be6 22. Bxe6+ fxe6 23. Rae1 Kd7 24. Re3 Rf8 25.
g3 Rd4 26. Rc1 g5 27. Rcc3 c5 28. Rcd3 Rxd3 29. Rxd3+ Kc6 30. Re3 Rf6 31. Re5 cxb4 32. axb4 h6 33. Kf1 Kd6 34. Re4 Rf5 35. Ke2 a5 36.
bxa5 Rxa5 37. Rd4+ Ke5 38. Rd7 Ra2+ 39. Kf3 Rb2 40.
Rh7 Rb4 41. c5 g4+ 42. Kg2 Rb5 43. Rc7 Kd5 44. Rg7 Rxc5 45. Rxg4 b5 46. Rg8 b4 47. Rb8 Kc4 48. h4 b3 49. g4 Rb5 50. Rc8+ Kd5 51. Rd8+ Ke5 0-1

[Event "Late-Titled-Tuesday-Blitz-March-26-2024"]
[Site "Chess.com"]
[Date "2024.03.26"]
[Round "10"]
[White "CFalcons8"]
[Black "ACollins05"]
[Result "1-0"]
[WhiteElo "2421"]
[BlackElo "2506"]
[TimeControl "180+1"]
[EndTime "15:55:05 PDT"]
[Termination "CFalcons8 won by resignation"]

1. d4 b5 2. e4 a6 3. a4 b4 4. Bc4 Bb7 5. f3 e6 6. Be3 Nf6 7. c3 d5 8. exd5 Nxd5 9. Bxd5 Qxd5 10. Ne2 Be7 11. O-O O-O 12. b3 bxc3 13. Nbxc3 Qd7 14.
Qd3 Nc6 15. Ne4 Nb4 16. Qd2 Nd5 17. Bf2 Rfd8 18. Rac1 Rac8 19. Nc5 Bxc5 20. Rxc5 Ne7 21. Rfc1 Bd5 22. Qd3 c6 23. b4 Rb8 24. Rb1 Qa7 25. Ra5 Rb6 26. b5 Rdb8 27. Nc3 cxb5 28. axb5 h6 29.
Rba1 Rc8 30. Rxa6 Rxa6 31. bxa6 Bc4 32. Qd2 Nd5 33. Ne4 Rb8 34. Nc5 Rb4 35. Qc2 Bb5 36. Qd2 Bc4 37. Qc2 Bb5 38. g3 Bc4 39. Ra4 Rxa4 40.
Qxa4 Be2 41. Kg2 Nc7 42. Qd7 Qa8 43. Qxc7 Qxf3+ 44. Kg1 Bb5 45. Qb8+ Kh7 46. Qxb5 Qd1+ 47. Qf1 Qc2 48. Qd3+ Qxd3 49. Nxd3 1-0

[Event "Late-Titled-Tuesday-Blitz-March-26-2024"]
[Site "Chess.com"]
[Date "2024.03.26"]
[Round "10"]
[White "TedBelanoff"]
[Black "Nemsko"]
[Result "0-1"]
[WhiteElo "2232"]
[BlackElo "2440"]
[TimeControl "180+1"]
[EndTime "15:55:06 PDT"]
[Termination "Nemsko won by resignation"]

1. b4 d5 2. Bb2 e6 3. a3 Nf6 4. g3 Bd6 5. Bg2 O-O 6. Nf3 c6 7. d4 Nbd7 8. O-O Qe7 9. Nbd2 e5 10. dxe5 Nxe5 11. Nxe5 Bxe5 12. Bxe5 Qxe5 13. c4 Rd8 14. c5 Bg4 15. Bf3 Qe6 16. Nb3 Bxf3 17. exf3 Re8 18. Nd4 Qh3 19. Re1 h5 20. Qd3 g6 21. b5 Qd7 22. bxc6 bxc6 23. Re3 Rab8 24. Rae1 Rxe3 25. Rxe3 Qb7 26. Kg2 Rc8 27. Qb3 Qc7 28. Qa4 Nd7 29. Qc2 Ne5 30. Rb3 Nc4 31. a4 a5 32. Qe2 Qd7 33. Rc3 Re8 34. Qd3 h4 35. Rxc4 dxc4 36. Qxc4 h3+ 37. Kf1 Qe7 38. Qc1 Qd7 39. Ne2 Rd8 40. Nf4 Qd4 41. Nxh3 Qxa4 42. Kg2 Qb5 43. Qh6 Rd1 44. g4 Qf1+ 45. Kg3 Qc4 46. Ng5 Qd5 47. Qh7+ Kf8 48. Qh8+ Ke7 49. Ne4 Re1 50. Qf6+ Kd7 51. Qf4 Ke7 52. Qc7+ Kf8 53. Qb8+ Kg7 54. Qf4 Qe6 55. Ng5 Qe5 56. Ne4 Qxf4+ 57. Kxf4 a4 58. Nd6 a3 0-1

[Event "Late-Titled-Tuesday-Blitz-March-26-2024"]
[Site "Chess.com"]
[Date "2024.03.26"]
[Round "10"]
[White "gorgeous1083"]
[Black "salgadoLO"]
[Result "1-0"]
[WhiteElo "2072"]
[BlackElo "2157"]
[TimeControl "180+1"]
[EndTime "15:55:08 PDT"]
[Termination "gorgeous1083 won on time"]

1. d4 d5 2. c4 c6 3. Nf3 Nf6 4. Nc3 a6 5. e3 b5 6. cxd5 cxd5 7. Bd3 Bb7 8. a3 e6 9. O-O Nbd7 10. b4 Bd6 11. Bb2 O-O 12. Ne2 Ne4 13. Ng3 f5 14.
Rc1 Qe7 15. Bb1 Nb6 16. Ne5 Nc4 17. Nxc4 bxc4 18. Nxe4 fxe4 19. f3 Qh4 20. f4 Rf6 21. g3 Qh3 22. Qe2 Rff8 23. Bc2 a5 24. Qg2 Qf5 25.
Bc3 axb4 26. Bxb4 Bxb4 27. axb4 Ra3 28. Qe2 Rfa8 29. g4 Qf6 30. g5 Qe7 31. Qd2 c3 32.
Qf2 Ba6 33. Rfe1 g6 34. Rb1 Bd3 35. Red1 Ra2 36. Rdc1 Rb2 37. Rxb2 cxb2 38. Rd1 Ra1 39. Qd2 b1=Q 40. Bxb1 Rxb1 41. Rxb1 Bxb1 42. Qc1 Bd3 43. Qc8+ Kg7 44. Kg2 h6 45. h4 hxg5 46. hxg5 Bb5 47. Qb8 Qd7 48. Qe5+ Kh7 49. Qf6 Ba6 50. Qf8 Qg7 51.
Qd6 Bc8 52. b5 Qd7 53. Qf8 e5 54. dxe5 Qg4+ 55. Kf2 Qf3+ 56. Kg1 Qg3+ 57. Kf1 1-0

[Event "Late-Titled-Tuesday-Blitz-March-26-2024"]
[Site "Chess.com"]
[Date "2024.03.26"]
[Round "10"]
[White "Adar_07"]
[Black "1mbl4"]
[Result "1-0"]
[WhiteElo "2785"]
[BlackElo "2625"]
[TimeControl "180+1"]
[EndTime "15:55:10 PDT"]
[Termination "Adar_07 won by checkmate"]

1. e4 g6 2. d4 Bg7 3. Nc3 d6 4. Bc4 a6 5. Nf3 b5 6. Bb3 Bb7 7.
Bf4 b4 8. Nd5 e6 9. Nxb4 Bxe4 10. Qe2 Nf6 11. Ng5 d5 12. f3 a5 13. Qb5+ Nfd7 14. fxe4 axb4 15. exd5 e5 16. dxe5 O-O 17. e6 Bxb2 18. exf7+ Kh8 19. O-O Bd4+ 20. Kh1 Bxa1 21.
Rxa1 Qf6 22. Rf1 h6 23. Be3 Ra5 24. Qd3 Ne5 25. Qe2 Qd6 26. Bd4 Nd7 27. Ne6 Raa8 28.
Nxf8 Rxf8 29. h4 Kh7 30. h5 Rxf7 31. Rxf7+ Nxf7 32. Qe8 Nde5 33. c3 bxc3 34. Bc2 Qf6 35. hxg6+ Kg7 36. Qxf7+ Nxf7 37. Bxf6+ Kxf6 38. gxf7 Kxf7 39.
Kg1 Kf6 40. Kf2 Ke5 41. Ke3 Kxd5 42. Kd3 Ke5 43. Kxc3 Kf4 44. Kd4 Kg3 45. Be4 Kf4 46. a4 h5 47. a5 c5+ 48. Kxc5 Kxe4 49. a6 h4 50. a7 h3 51. a8=Q+ Ke3 52. Qf3+ Kd2 53. Qxh3 Ke1 54. g4 Kf2 55. g5 Kg1 56. g6 Kf2 57. g7 Ke1 58. g8=Q Kd2 59. Qgg2+ Kc1 60. Qhh1# 1-0